 Dungeon Crawl Stone Soup version 0.28-a0-1038-g9c4cb8273d (webtiles) character file.

Game seed: 13751823205462791523

109 tilp the Chiller (level 4, -1/18 HPs)
             Began as a Felid Ice Elementalist on Dec 8, 2021.
             Slain by a mummy (15 damage)
             ... in an ossuary.
             The game lasted 00:07:21 (4203 turns).

tilp the Chiller (Felid Ice Elementalist)           Turns: 4203, Time: 00:07:22

Health: -1/18      AC:  7    Str:  4    XL:     4   Next: 60%
Magic:  9/9        EV: 17    Int: 18    God:
Gold:   127        SH:  0    Dex: 17    Spells: 1/9 levels left
                                        Lives:  0   Deaths: 1

rFire   . . .      SeeInvis +     - Unarmed
rCold   . . .      Faith    .   (shield unavailable)
rNeg    . . .      Spirit   .   (armour unavailable)
rPois   .          Reflect  .   (helmet unavailable)
rElec   .          Harm     .   (cloak unavailable)
rCorr   .          Rampage  .   (gloves unavailable)
Will    .....                   (boots unavailable)
Stlth   ++........              e - amulet of magic regeneration
HPRegen 0.06/turn               (no ring)
MPRegen 0.51/turn               (no ring)

@: ice-armoured, quick
A: very small, claws 1, fangs 3, see invisible, speed 1, shaggy fur 1, stealthy
paws, no weapons or thrown items, no armour, multi-lived
a: no special abilities


You were in an ossuary.
You visited 1 branch of the dungeon, and saw 4 of its levels.
You also visited: Ossuary.

You collected 223 gold pieces.
You spent 96 gold pieces at shops.

Inventory:

Jewellery
 d - a ring of fire
 e - an amulet of magic regeneration (around neck)
Scrolls
 b - a scroll of blinking
 h - 2 scrolls of identify
 j - a scroll of silence
Potions
 a - 6 potions of curing
 c - 4 potions of haste
 f - 4 potions of heal wounds
 g - 2 potions of lignification
 i - a potion of ambrosia


   Skills:
 - Level 2.6 Dodging
 - Level 2.6 Stealth
 - Level 2.0 Unarmed Combat
 + Level 3.1 Spellcasting
 * Level 0.5 Conjurations
 * Level 5.1 Ice Magic


You had one spell level left.
You knew the following spells:

 Your Spells              Type           Power      Damage    Failure   Level
a - Freeze                Ice            84%        1d10      1%          1
b - Frozen Ramparts       Ice            42%        1d6       6%          3
c - Ozocubu's Armour      Ice            21%        N/A       6%          3
d - Magic Dart            Conj           16%        1d3       13%         1

Your spell library contained the following spells:

 Spells                   Type           Power      Damage    Failure   Level
 Call Imp                 Summ           2%         N/A       24%         2
 Conjure Flame            Conj/Fire      3%         6-21      41%         3
 Mephitic Cloud           Conj/Pois/Air  3%         N/A       41%         3
 Ignite Poison            Fire/Tmut/Pois 2%         N/A       43%         3
 Hailstorm                Conj/Ice       13%        3d5       45%         4
 Sticky Flame             Conj/Fire      3%         2d3       82%         4
 Leda's Liquefaction      Hex/Erth       1%         N/A       85%         4
 Iskenderun's Battlesphe  Conj           4%         2d6       98%         5
 Lee's Rapid Deconstruct  Erth           1%         3d5*      99%         5
 Iron Shot                Conj/Erth      1%         9d1       100%        6
 Statue Form              Tmut/Erth      1%         N/A       100%        6
 Spellforged Servitor     Conj/Summ      1%         N/A       100%        7


Dungeon Overview and Level Annotations

Branches:
Dungeon (4/15)            Ossuary (1/1)
 Temple: D:4-7

Altars:
Sif Muna

Shops:
D:3 !


Innate Abilities, Weirdness & Mutations

You have sharp claws.
You have razor-sharp teeth.
You have supernaturally acute eyesight. (SInv)
You cover ground quickly. (Speed+)
You are covered in fur. (AC +1)
Your paws help you pounce on unaware monsters.
You are incapable of wielding weapons or throwing items.
You cannot wear armour.
You gain extra lives every three experience levels.


Message History

You scratch the mummy but do no damage.
The mummy is lightly damaged.
The mummy hits you but does no damage.
You scratch the mummy.
The mummy is heavily damaged.
The mummy misses you.
You scratch the mummy but do no damage.
The mummy is heavily damaged.
The mummy completely misses you.
You scratch the mummy.
The mummy is severely damaged.
The mummy completely misses you.
You scratch the mummy. Your bite misses the mummy.
The mummy is almost destroyed.
The mummy hits you. The mummy closely misses you.
You barely miss the mummy.
The mummy is almost destroyed.
You scratch the mummy. You bite the mummy.
You destroy the mummy!
The mummy misses you.
You scratch the mummy.
The mummy is moderately damaged.
You barely miss the mummy.
The mummy is moderately damaged.
The mummy closely misses you.
You scratch the mummy but do no damage.
The mummy is moderately damaged.
The mummy closely misses you.
You scratch the mummy. You bite the mummy.
The mummy is heavily damaged.
You scratch the mummy.
The mummy is heavily damaged.
The mummy closely misses you.
You scratch the mummy.
The mummy is severely damaged.
You scratch the mummy.
The mummy is severely damaged.
The mummy hits you!
Ouch! That really hurt!
You die...

##.....M
##...... #
#...... ..
#.....##M..
........MM
.......M.....Z
#.............
#M## .......#
##.@##......#
##....##....#
##?.....#....#
#.......#....#
#.......#....#
#.......#....#
##......#....#
#.....##....#
##....##M...#


You could see a mummy.

Vanquished Creatures
  A hound (D:4)
  An iguana (D:4)
  2 mummies (Ossuary)
  5 adders
  2 worms
  A dart slug (D:1)
  6 endoplasms
  2 giant cockroaches
  4 goblins
  5 hobgoblins
  2 quokkas
  8 ball pythons
  4 bats
  A frilled lizard (D:3)
  4 hobgoblin zombies (Ossuary)
  8 kobolds
  2 kobold zombies (Ossuary)
  2 orc zombies
  6 rats
66 creatures vanquished.

Vanquished Creatures (others)
  4 plants (D:2)
4 creatures vanquished.

Grand Total: 70 creatures vanquished

Notes
Turn   | Place    | Note
-------+----------+-------------------------------------------
     0 | D:1      | tilp the Felid Ice Elementalist began the quest for the
                  | Orb.
     0 | D:1      | Reached XP level 1. HP: 7/7 MP: 4/4
   298 | D:1      | Found a faded altar of an unknown god.
   305 | D:1      | Reached skill level 1 in Unarmed Combat
   616 | D:1      | Reached XP level 2. HP: 11/11 MP: 6/6
  1327 | D:2      | Found a shimmering blue altar of Sif Muna.
  1364 | D:2      | Reached skill level 4 in Ice Magic
  1364 | D:2      | Reached XP level 3. HP: 14/14 MP: 1/7
  1368 | D:2      | Learned a level 3 spell: Frozen Ramparts
  2288 | D:3      | Found Xoduxzary's Distillery.
  2366 | D:3      | Bought a potion of heal wounds for 60 gold pieces
  2366 | D:3      | Bought a potion of lignification for 36 gold pieces
  2547 | D:3      | Reached XP level 4. HP: 18/18 MP: 2/8
  2551 | D:3      | Learned a level 3 spell: Ozocubu's Armour
  2553 | D:3      | Learned a level 1 spell: Magic Dart
  3344 | D:4      | Noticed a scorpion
  3482 | D:4      | Reached XP level 5. HP: 19/21 MP: 2/10
  3566 | D:4      | Reached skill level 5 in Ice Magic
  3597 | D:4      | Found a sand-covered staircase.
  3653 | Ossuary  | Entered an ossuary
  3965 | Ossuary  | Slain by a mummy
  3966 | Ossuary  | Reached XP level 4. HP: -2/18 MP: 9/9
  4203 | Ossuary  | Slain by a mummy

Illustrated notes

Levels and vault maps discovered:
D:1:      minmay_arrival_widening_spiral_narrow, layout_rooms,
          dilly_ecumenical_altar_fadedgnrine
D:2:      layout_loops_ring, basic_altar, guppyfry_early_lair_pool
D:3:      layout_basic, serial_shops, nicolae_shop_advertising_works
          [nicolae_subvault_shop_adworks], chequers_serial_rivers_micro_a
D:4:      gammafunk_steamed_eel, layout_basic, serial_co_window_serial,
          co_window_paths_b, co_window_paths_b, co_window_paths_b,
          co_window_of_opportunity_a, co_window_of_opportunity_a,
          co_window_of_opportunity_a, co_window_paths_a, co_window_corner_b,
          co_window_of_opportunity_c, co_window_broadway_c, co_window_paths_c,
          co_window_unsneaky_path_b, glass_columns_b, glass_columns_c,
          glass_columns_b, glass_columns_a, glass_columns_a, enter_ossuary_3,
          roderic_batcave, kennysheep_generic_room_11, uniq_pikel, uniq_natasha
Ossuary:  ossuary_tomb_3

Skill      XL: |  1  2  3  4  5 |
---------------+----------------+-----
Unarmed Combat | 1 2 |  2.0
Ice Magic      | 4 5 |  5.1
Spellcasting   | 3 |  3.1
Dodging        | |  2.6
Stealth        | |  2.6
Conjurations   | |  0.5

Action                   |  1- 3 |  4- 6 || total
-------------------------+-------+-------++-------
Melee: Unarmed           |    21 |    81 ||   102
       Bite              |       |    11 ||    11
       Punch             |       |     4 ||     4
 Cast: Freeze            |    37 |    11 ||    48
       Frozen Ramparts   |     5 |     3 ||     8
       Ozocubu's Armour  |       |     6 ||     6
       Magic Dart        |       |    23 ||    23
  Use: Scroll            |     4 |     3 ||     7
       Potion            |       |     1 ||     1
 Stab: Sleeping          |    12 |     1 ||    13
Armor: Skin              |       |     5 ||     5
Dodge: Dodged            |    29 |    48 ||    77

Table legend: (Time is in decaauts)
 A = Elapsed time spent in this place.
 B = Non-inter-level travel time spent in this place.
 C = Inter-level travel time spent in this place.
 D = Time resting spent in this place.
 E = Time spent auto-exploring this place.
 F = Levels seen in this place.
 G = Mean time per level.
                   A        B        C        D        E       F      G
               +--------+--------+--------+--------+--------+-----+--------+
         Total |   3781 |   3701 |     80 |    775 |   2116 |   5 |  756.2 |
       Dungeon |   3244 |   3164 |     80 |    415 |   2106 |   4 |  811.0 |
       Ossuary |    536 |    536 |      0 |    360 |      9 |   1 |  536.0 |
               +--------+--------+--------+--------+--------+-----+--------+

Top non-repeatable levels by time:
     D:1: 1084 daAuts
     D:2: 956 daAuts
     D:3: 827 daAuts
 Ossuary: 536 daAuts
     D:4: 376 daAuts
